 Dungeon Sprint DCSS version 0.21.1-1-g345015fe64 (webtiles) character file.

1664 Groucho the Grappler (level 8, -3/89 HPs)
             Began as a Troll Monk on Apr 15, 2018.
             Was a High Priest of Wu Jian.
             Slain by a ten-headed hydra (6 damage)
             ... in the Dungeon (Sprint IX: "|||||||||||||||||||||||||||||").
             The game lasted 00:02:12 (889 turns).

Groucho the Grappler (Troll Monk)                    Turns: 889, Time: 00:02:13

Health: -3/89      AC:  8    Str: 28    XL:     8   Next: 69%
Magic:  7/7        EV: 15    Int:  6    God:    Wu Jian [*****.]
Gold:   7          SH:  0    Dex: 14    Spells: 7/7 levels left

rFire    . . .     SeeInvis .     - Unarmed
rCold    . . .     Gourm    +   (no shield)
rNeg     . . .     Faith    .   a - +0 robe
rPois    .         Spirit   .   (helmet restricted)
rElec    .         Reflect  .   l - +0 cloak
rCorr    .         Harm     .   (gloves unavailable)
MR       .....     NoTele   +   (boots unavailable)
Stlth    ++........             (no amulet)
HPRegen  0.64/turn              m - +3 ring of strength
MPRegen  0.10/turn              n - +2 ring of protection

@: mighty, very slightly contaminated, hasted, invisible, very quick
A: large, unfitting armour, claws 3, fast metabolism 3, gourmand, regeneration
1, shaggy fur 1, tough skin 2
a: Wall Jump, Serpent's Lash, Heavenly Storm, Renounce Religion


You were in the Dungeon.
You worshipped Wu Jian.
Wu Jian was extremely pleased with you.
You were not hungry.

You visited 1 branch You collected 7 gold pieces.

Inventory:

Armour
 a - a +0 robe (worn)
 l - a +0 cloak (worn)
Jewellery
 m - a +3 ring of strength (left claw)
 n - a +2 ring of protection (right claw)
Wands
 k - a wand of iceblast (10)
Scrolls
 h - 2 scrolls of blinking
 i - 4 scrolls of remove curse
 j - 3 scrolls of amnesia
 r - 2 scrolls of enchant armour
 s - a scroll of fear
 t - 2 scrolls of enchant weapon
Potions
 d - 2 potions of heal wounds
 e - a potion of haste
 f - 4 potions of magic
 g - 4 potions of curing
 o - 2 potions of agility
 p - a potion of mutation
 q - a potion of might
Comestibles
 b - 2 rations


   Skills:
 + Level 8.7 Fighting
 + Level 8.7 Dodging
 - Level 1.0 Stealth
 * Level 13.7 Unarmed Combat


You had 7 spell levels left.
You didn't know any spells.

Dungeon Overview and Level Annotations

Branches:
Dungeon (1/1)

Altars:
Cheibriados
Dithmenos
Elyvilon
Fedhas
Gozag
Hepliaklqana
Kikubaaqudgha
Makhleb
Nemelex Xobeh
Okawaru
Qazlal
Ru
Sif Muna
Trog
Uskayaw
Vehumet
Wu Jian
Xom
Yredelemnul
Zin
The Shining One
Beogh
Jiyva
Lugonu


Innate Abilities, Weirdness & Mutations

You are too large for most types of armour.
You have claws for hands.
Your metabolism is lightning-fast.
You like to eat raw meat.
Your natural rate of healing is unusually fast.
You are covered in fur. (AC +1)
You have very tough skin. (AC +2)


Message History

You mangle the water moccasin!!
You kill the water moccasin!
The Council accepts your kill.
You lunge at the basilisk.
You closely miss the basilisk.
You strike the helpless seven-headed hydra from behind!
You claw one of the seven-headed hydra's heads off!
The six-headed hydra grows two more!
You mangle the eight-headed hydra!!
The eight-headed hydra is moderately wounded.
You claw one of the eight-headed hydra's heads off!
The seven-headed hydra grows two more!
You claw the nine-headed hydra!
The nine-headed hydra is moderately wounded.
You rip one of the nine-headed hydra's heads off!
The eight-headed hydra grows two more!
You claw the ten-headed hydra!
The ten-headed hydra is heavily wounded.
The ten-headed hydra bites you.
* * * LOW HITPOINT WARNING * * *
The ten-headed hydra misses you. The ten-headed hydra bites you.
* * * LOW HITPOINT WARNING * * *
The ten-headed hydra barely misses you. The ten-headed hydra bites you.
You die...

▓_▓.▓
▓_▓.▓
▓_▓.▓+▓
▓_▓.▓.▓
▓_▓.▓.▓
▓_▓.▓.▓
▓_▓.▓.▓
▓_▓.▓.▓
▓_▓.▓@▓
▓_▓.▓D▓
▓_▓.▓l▓
▓_▓.▓†▓
▓_▓.▓'▓
▓_▓.▓.▓
▓_▓.▓.▓
▓_▓.▓.▓
▓_▓.▓.▓


You could see a ten-headed hydra and a basilisk.

Vanquished Creatures
  A spiny frog (D)
  2 yaks (D)
  A vampire mosquito (D)
  A porcupine (D)
  2 water moccasins (D)
  An ice beast (D)
  A sky beast (D)
  2 ogres (D)
  A crocodile (D)
  2 bullfrogs (D)
  A killer bee (D)
  A jelly (D)
  A worker ant (D)
  A leopard gecko (D)
  3 orcs (D)
  A ball python (D)
  A bat zombie (D)
  2 goblins (D)
  A ball python skeleton (D)
  A frilled lizard (D)
  A leopard gecko skeleton (D)
  A rat (D)
29 creatures vanquished.

Notes
Turn   | Place    | Note
-------+----------+-------------------------------------------
     0 | D        | Groucho the Troll Monk began the quest for the Orb.
     0 | D        | Reached XP level 1. HP: 22/22 MP: 0/0
    22 | D        | Noticed a sky beast
    22 | D        | Noticed an ogre
    23 | D        | HP: 1/22 [ogre/giant club (21)]
    27 | D        | Banished a spatial maelstrom
    32 | D        | Killed an ogre
    32 | D        | Reached skill level 6 in Unarmed Combat
    32 | D        | Reached XP level 2. HP: 12/33 MP: 1/1
    32 | D        | Reached XP level 3. HP: 15/40 MP: 2/2
    32 | D        | Reached XP level 4. HP: 18/49 MP: 3/3
    39 | D        | Killed a sky beast
    39 | D        | Reached skill level 5 in Fighting
    39 | D        | Reached skill level 5 in Dodging
    39 | D        | Reached skill level 8 in Unarmed Combat
    39 | D        | Reached XP level 5. HP: 25/57 MP: 4/4
   272 | D        | Found a roughly hewn altar of Beogh.
   272 | D        | Found a snail-covered altar of Cheibriados.
   272 | D        | Found a shadowy altar of Dithmenos.
   272 | D        | Found a white marble altar of Elyvilon.
   272 | D        | Found a blossoming altar of Fedhas.
   272 | D        | Found an opulent altar of Gozag.
   273 | D        | Found a hazy altar of Hepliaklqana.
   274 | D        | Found a viscous altar of Jiyva.
   275 | D        | Found an ancient bone altar of Kikubaaqudgha.
   276 | D        | Found a corrupted altar of Lugonu.
   277 | D        | Found a burning altar of Makhleb.
   278 | D        | Found a sparkling altar of Nemelex Xobeh.
   279 | D        | Found an iron altar of Okawaru.
   280 | D        | Found a stormy altar of Qazlal.
   281 | D        | Found a sacrificial altar of Ru.
   282 | D        | Found a deep blue altar of Sif Muna.
   283 | D        | Found a bloodstained altar of Trog.
   284 | D        | Found a hide-covered altar of Uskayaw.
   285 | D        | Found a radiant altar of Vehumet.
   286 | D        | Found an ornate altar of the Wu Jian Council.
   287 | D        | Found a shimmering altar of Xom.
   288 | D        | Found a basalt altar of Yredelemnul.
   289 | D        | Found a glowing silver altar of Zin.
   290 | D        | Found a glowing golden altar of the Shining One.
   296 | D        | Became a worshipper of the Wu Jian Council
   296 | D        | Reached * piety under Wu Jian
   296 | D        | Reached ** piety under Wu Jian
   325 | D        | Noticed a yak
   334 | D        | Killed a yak
   334 | D        | Reached skill level 9 in Unarmed Combat
   334 | D        | Reached XP level 6. HP: 45/67 MP: 5/5
   338 | D        | Reached skill level 10 in Unarmed Combat
   340 | D        | Reached *** piety under Wu Jian
   388 | D        | Noticed an ice beast
   388 | D        | Noticed a vampire mosquito
   395 | D        | Killed a vampire mosquito
   395 | D        | Reached skill level 11 in Unarmed Combat
   395 | D        | Reached XP level 7. HP: 39/76 MP: 6/6
   402 | D        | Reached **** piety under Wu Jian
   414 | D        | Reached skill level 12 in Unarmed Combat
   857 | D        | Noticed a basilisk
   858 | D        | Noticed a five-headed hydra
   862 | D        | Noticed a spiny frog
   866 | D        | Noticed a yak
   866 | D        | Reached XP level 8. HP: 86/88 MP: 7/7
   867 | D        | Reached ***** piety under Wu Jian
   878 | D        | Reached skill level 13 in Unarmed Combat
   881 | D        | Killed a spiny frog
   889 | D        | HP: 3/89 [ten-headed hydra (5)]
   889 | D        | Slain by a ten-headed hydra

Skill      XL: |  1  2  3  4  5  6  7  8 |
---------------+-------------------------+-----
Fighting       | 4 5 6 7 8 |  8.7
Dodging        | 4 5 6 7 8 |  8.7
Unarmed Combat | 6 8 9 11 12 13 | 13.7
Stealth        | |  1.0

Action                   |  1- 3 |  4- 6 |  7- 9 || total
-------------------------+-------+-------+-------++-------
Melee: Unarmed           |    16 |    35 |    42 ||    93
       Punch             |       |       |     1 ||     1
Invok: Lunge             |       |       |     6 ||     6
  Use: Potion            |     3 |       |     7 ||    10
       Scroll            |       |       |     1 ||     1
 Stab: Sleeping          |       |       |     1 ||     1
       Invisible         |       |       |     2 ||     2
  Eat: Chunk             |       |     7 |       ||     7
Armor: Robe              |     2 |     2 |    14 ||    18
Dodge: Dodged            |     5 |    16 |    33 ||    54
